 Dungeon Crawl Stone Soup version 0.28.0-53-g5a82cb258f (webtiles) character file.

Game seed: 2460163157004034375

63396 safid the Geomancer (level 15, -4/95 HPs)
             Began as a Gargoyle Earth Elementalist on Aug 25, 2022.
             Was a High Priest of Vehumet.
             Slain by a torpor snail (12 damage)
             ... on level 6 of the Lair of Beasts.
             The game lasted 01:04:56 (28405 turns).

safid the Geomancer (Gargoyle Earth Elementalist)  Turns: 28405, Time: 01:04:57

Health: -4/95      AC: 32    Str: 13    XL:     15   Next: 9%
Magic:  27/30      EV:  6    Int: 30    God:    Vehumet [*****.]
Gold:   2051       SH:  4    Dex: 10    Spells: 15/36 levels left

rFire   + . .      SeeInvis .   M - staff of earth
rCold   . . .      Faith    .   n - +0 buckler
rNeg    + . .      Spirit   .   P - +2 chain mail of Defiance {rF+ Will++ Int+2 Stlth-}
rPois   ∞          Reflect  .   S - +2 hat
rElec   +          Harm     .   K - +1 cloak
rCorr   .          Rampage  .   (no gloves)
Will    +++..                   C - +2 pair of boots
Stlth   ..........              d - amulet of the acrobat
HPRegen 0.25/turn               x - +6 ring of intelligence
MPRegen 0.22/turn               (no ring)

@: flying, slowed, studying Bows, very slow
A: sickness immunity, AC +11, big wings, negative energy resistance 1,
electricity resistance, torment resistance 1, petrification resistance
a: Renounce Religion


You were on level 6 of the Lair of Beasts.
You worshipped Vehumet.
Vehumet was extremely pleased with you.
You visited 3 branches of the dungeon, and saw 18 of its levels.

You collected 2051 gold pieces.

Inventory:

Hand Weapons
 y - a +3 short sword of venom
Missiles
 c - 529 stones
 u - 11 javelins
Armour
 n - a +0 buckler (worn)
 z - a +0 troll leather armour
 C - a +2 pair of boots (worn)
 K - a +1 cloak (worn)
 P - the +2 chain mail of Defiance (worn) {rF+ Will++ Int+2 Stlth-}
   (You found it on level 2 of the Lair of Beasts)

   Int:       It affects your intelligence (+2).
   rF:        It protects you from fire.
   Will:      It greatly increases your willpower.
   Stlth:     It makes you less stealthy.
 S - a +2 hat (worn)
Magical Staves
 M - a staff of earth (weapon)
Jewellery
 d - an amulet of the acrobat (around neck)
 x - a +6 ring of intelligence (left hand)
Wands
 g - a wand of flame (12)
 p - a wand of polymorph (6)
 t - a wand of acid (8)
 w - a wand of iceblast (16)
 E - a wand of paralysis (8)
 J - a wand of mindburst (9)
Scrolls
 b - 3 scrolls of enchant armour
 h - a scroll of enchant weapon
 i - 4 scrolls of amnesia
 l - 8 scrolls of magic mapping
 o - a scroll of fog {unknown}
 v - a scroll of silence
 A - 3 scrolls of brand weapon
 G - 2 scrolls of holy word
 L - a scroll of summoning {unknown}
 N - 2 scrolls of noise {unknown}
 O - a scroll of immolation {unknown}
Potions
 a - 4 potions of curing
 e - a potion of haste {unknown}
 f - 6 potions of might
 k - a potion of attraction {unknown}
 m - 3 potions of mutation
 q - 2 potions of resistance
 s - 5 potions of brilliance
 B - 2 potions of berserk rage
 F - 2 potions of flight {unknown}
 H - 3 potions of lignification
 I - a potion of invisibility {unknown}
 R - a potion of cancellation {unknown}
Miscellaneous
 j - a lightning rod (4/4)


   Skills:
 + Level 11.4 Fighting
 + Level 3.1 Staves
 + Level 8.9 Armour
 - Level 2.0 Dodging
 - Level 2.1 Stealth
 - Level 4.0 Shields
 + Level 11.0 Spellcasting
 + Level 9.7 Conjurations
 - Level 5.0 Translocations
 - Level 1.0 Transmutations
 + Level 11.4 Fire Magic
 - Level 14.0 Earth Magic
 - Level 1.0 Evocations


You had 15 spell levels left.
You knew the following spells:

 Your Spells              Type           Power      Damage    Failure   Level
a - Sandblast             Erth           100%       2d20      1%          1
b - Stone Arrow           Conj/Erth      100%       3d13      1%          3
c - Iskenderun's Mystic   Conj/Tloc      57%        2d12      11%         4
d - Ignition              Fire           35%        3d11      100%        8
e - Fireball              Conj/Fire      34%        3d14      7%          5

Your spell library contained the following spells:

 Spells                   Type           Power      Damage    Failure   Level
 Scorch                   Fire           100%       2d10      1%          2
 Flame Wave               Conj/Fire      68%        2d13      2%          4
 Passwall                 Tmut/Erth      62%        N/A       5%          2
 Dazzling Flash           Conj/Hex       90%        N/A       9%          3
 Blink                    Tloc           92%        N/A       14%         2
 Gell's Gravitas          Tloc           46%        N/A       28%         3
 Lesser Beckoning         Tloc           46%        N/A       28%         3
 Teleport Other           Tloc           46%        N/A       28%         3
 Petrify                  Tmut/Erth      75%        N/A       34%         4
 Starburst                Conj/Fire      34%        6d10      36%         6
 Lightning Bolt           Conj/Air       22%        1d38      54%         5
 Corpse Rot               Necr/Air       32%        N/A       75%         2
 Airstrike                Air            8%         N/A       85%         4
 Olgreb's Toxic Radiance  Pois           16%        N/A       85%         4
 Manifold Assault         Tloc           46%        N/A       95%         5
 Dispel Undead            Necr           16%        3d10      100%        4
 Summon Lightning Spire   Summ/Air       16%        N/A       100%        4
 Summon Forest            Summ/Tloc      15%        N/A       100%        5
 Death Channel            Necr           8%         N/A       100%        6
 Dispersal                Tloc           23%        N/A       100%        6
 Eringya's Noxious Bog    Tmut/Pois      9%         N/A       100%        6
 Summon Cactus Giant      Summ           8%         N/A       100%        6
 Malign Gateway           Summ/Tloc      15%        N/A       100%        7
 Ozocubu's Refrigeration  Ice            8%         4d6       100%        7
 Summon Hydra             Summ           8%         N/A       100%        7


Dungeon Overview and Level Annotations

Branches:
Dungeon (11/15)            Temple (1/1) D:7            Lair (6/6) D:10
 Shoals (0/4) Lair:3       Spider (0/4) Lair:2        Slime (0/5) Lair:5
    Orc (0/2) D:10

Altars:
Ashenzari
Cheibriados
Dithmenos
Elyvilon
Fedhas
Gozag
Hepliaklqana
Kikubaaqudgha
Makhleb
Okawaru
Qazlal
Ru
Sif Muna
Trog
Vehumet
Wu Jian
Xom
Zin
The Shining One
Jiyva

Shops:
D:7 :

Annotations:
D:11 2 transporters, firemarshallily's ghost, journeyman DjWn
Lair:3 2 transporters
Lair:6 1 runed translucent door


Innate Abilities, Weirdness & Mutations

You are immune to sickness and miasma.
Your stone body is resilient. (AC +11)
You are immune to poison.
Your large and strong wings let you fly.
You resist negative energy. (rN+)
You are resistant to electric shocks. (rElec)
You are resistant to unholy torment.
You are immune to petrification.


Message History

The mystic blast hits the torpor snail.
The torpor snail is heavily wounded.
A nearby plant withers and dies.
The torpor snail bites you!
* * * LOW HITPOINT WARNING * * *
The torpor snail misses you.
Unknown command.
You feel better. The torpor snail bites you!
* * * LOW HITPOINT WARNING * * *
Blink to where?
Press: ? - help, Dir - move target
As you read the scroll of blinking, it crumbles to dust.
Casting: Iskenderun's Mystic Blast (dangerous; 11% risk of failure)
Confirm with . or Enter, or press ? or * to list all spells.
Aiming: Stone Arrow (safe; 1% risk of failure)
Press: ? - help, Shift-Dir - straight line, f - torpor snail
Aim: a torpor snail (almost dead, 100% to hit)
You feel a strong surge of power!
The stone arrow hits the torpor snail!
You kill the torpor snail!
Vehumet accepts your kill.
You feel your power returning.
Casting: Stone Arrow (safe; 1% risk of failure)
Confirm with . or Enter, or press ? or * to list all spells.
You can't see any susceptible monsters within range! (Use Z to cast anyway.) Unknown command.
You feel yourself speed up.
You start resting.
You feel a little less clever now.
You start resting.
Magic restored.
You start resting.
Being near the torpor snail leaves you feeling lethargic.
Casting: Stone Arrow (safe; 1% risk of failure)
Confirm with . or Enter, or press ? or * to list all spells.
Aiming: Stone Arrow (safe; 1% risk of failure)
Press: ? - help, Shift-Dir - straight line, f - torpor snail
Aim: a torpor snail (moderately wounded, 100% to hit)
You feel a surge of power!
The stone arrow hits the torpor snail!!
The torpor snail is severely wounded.
The torpor snail bites you!
You die...

#..⌠### ###.†...### ##.w†##
###.....# #+#...## ##.....
$D####..# .#.... #$.$ #..## ##
#... #$$$ ##..## ..# #$$$ #...#
.#. ##$ #####..# .# ## ####
##.@#..## # .######..#####.#.w.##
.#..##...##.........#
....P.....#.........#
.##P.P......##....###
###......P...#...#..#
#..............####
####..............###############
.###.)......P..P..##..........#..


You could see a torpor snail.

Vanquished Creatures
  Josephine (D:11)
  Fannar (Lair:2)
  7 hydras
  Erolcha (D:9)
  A catoblepas (Lair:3)
  3 two-headed ogres
  12 death yaks
  A lindwurm (Lair:6)
  A wolf spider (Lair:6)
  2 oklob plants (Lair:2)
  A guardian serpent (Lair:6)
  Maurice (D:10)
  7 black mambas
  Joseph (D:7)
  20 elephants
  4 torpor snails (Lair:6)
  A gargoyle (D:10)
  A molten gargoyle (Lair:4)
  19 cane toads
  2 rime drakes (Lair:4)
  8 komodo dragons
  2 tyrant leeches (Lair:6)
  2 trolls
  6 hornets
  18 blink frogs
  A jumping spider (Lair:2)
  A shadow (D:11)
  3 culicivoras (Lair:2)
  7 wyverns
  A vampire (D:10)
  49 yaks
  4 wraiths (D:11)
  3 basilisks
  4 redbacks
  3 steam dragons
  28 water moccasins
  5 orc warriors
  A swamp drake (D:10)
  2 black bears
  An ice beast (D:6)
  22 wolves
  11 centaurs
  2 ogres (D:5)
  2 phantoms (D:6)
  A kobold brigand (D:8)
  11 bullfrogs
  3 gnoll sergeants
  6 scorpions
  A water moccasin zombie (D:6)
  2 wyvern skeletons
  11 killer bees
  4 wights
  3 howler monkeys
  2 centaur zombies
  2 jellies
  4 hounds
  A bullfrog skeleton (D:6)
  A centaur skeleton (D:7)
  7 orc priests
  Jessica (D:3)
  Natasha (thrice) (D:3)
  Terence (D:3)
  3 iguanas
  14 orc wizards
  4 hell rats (Lair:1)
  Robin (D:3)
  2 howler monkey zombies
  11 adders
  12 gnolls
  A shadow imp (D:7)
  3 white imps
  2 worms (D:2)
  3 dart slugs
  44 orcs
  6 ball pythons
  3 endoplasms
  2 giant cockroaches
  12 goblins
  9 hobgoblins
  5 jackals (D:4)
  13 kobolds
  2 quokkas
  5 bats
  A frilled lizard (D:1)
  8 rats
503 creatures vanquished.

Vanquished Creatures (others)
  33 fungi
  64 plants
97 creatures vanquished.

Grand Total: 600 creatures vanquished

Notes
Turn   | Place    | Note
-------+----------+-------------------------------------------
     0 | D:1      | safid the Gargoyle Earth Elementalist began the quest for
                  | the Orb.
     0 | D:1      | Reached XP level 1. HP: 10/10 MP: 3/3
   148 | D:1      | Reached skill level 1 in Transmutations
   148 | D:1      | Reached XP level 2. HP: 16/16 MP: 1/5
   961 | D:1      | Reached skill level 1 in Fighting
  1009 | D:2      | Reached skill level 4 in Earth Magic
  1009 | D:2      | Reached XP level 3. HP: 20/20 MP: 3/6
  1162 | D:2      | Found a faded altar of an unknown god.
  1616 | D:2      | Reached XP level 4. HP: 20/26 MP: 7/7
  2314 | D:3      | Noticed Natasha
  2326 | D:3      | Killed Natasha
  2327 | D:3      | Reached XP level 5. HP: 19/31 MP: 9/9
  2515 | D:3      | Noticed Jessica
  2525 | D:3      | Killed Jessica
  2673 | D:3      | Reached skill level 5 in Earth Magic
  2722 | D:3      | Noticed Natasha
  2730 | D:3      | Killed Natasha
  2845 | D:3      | Reached XP level 6. HP: 36/37 MP: 8/11
  2897 | D:3      | Identified the +1 ring mail of Gestures {-Tele *Slow rC++
                  | Dex+9}
  2906 | D:3      | Noticed Natasha
  3066 | D:3      | Noticed Robin
  3069 | D:3      | Noticed Terence
  3089 | D:3      | Killed Terence
  3097 | D:3      | Killed Robin
  3305 | D:3      | Killed Natasha
  3306 | D:3      | Reached skill level 1 in Shields
  4195 | D:4      | Learned a level 3 spell: Stone Arrow
  4370 | D:4      | Found a broken altar of Ashenzari.
  4406 | D:4      | Reached XP level 7. HP: 4/42 MP: 8/12
  4880 | D:4      | Reached skill level 6 in Earth Magic
  5256 | D:5      | Entered Level 5 of the Dungeon
  5715 | D:5      | Reached XP level 8. HP: 21/48 MP: 4/14
  6091 | D:5      | Found a stormy altar of Qazlal.
  6093 | D:5      | Noticed a water elemental
  6094 | D:5      | Noticed an air elemental
  6145 | D:5      | Reached skill level 5 in Fighting
  6571 | D:6      | Reached skill level 7 in Earth Magic
  6581 | D:5      | Identified a scroll of acquirement
  6581 | D:5      | Acquired 479 gold pieces
  6665 | D:6      | Reached skill level 5 in Spellcasting
  6706 | D:6      | Found a shadowy altar of Dithmenos.
  7625 | D:5      | Reached XP level 9. HP: 20/56 MP: 1/17
  7864 | D:6      | Reached skill level 8 in Earth Magic
  8210 | D:6      | Found a blossoming altar of Fedhas.
  8684 | D:7      | Found a staircase to the Ecumenical Temple.
  8707 | Temple   | Entered the Ecumenical Temple
  8721 | Temple   | Became a worshipper of Vehumet
  8901 | D:7      | Noticed Joseph
  9173 | D:7      | Reached skill level 9 in Earth Magic
  9188 | D:7      | Killed Joseph
  9327 | D:7      | Found a flagged portal.
  9462 | D:7      | Noticed a troll
  9470 | D:7      | Killed a troll
  9520 | D:7      | Reached XP level 10. HP: 38/64 MP: 12/20
  9761 | D:7      | Reached skill level 10 in Earth Magic
  9802 | D:7      | Found a burning altar of Makhleb.
  9854 | D:7      | Found a bloodstained altar of Trog.
  9854 | D:7      | Found a white marble altar of Elyvilon.
 10054 | D:7      | Found Xoses's Book Shoppe.
 10210 | D:8      | Reached skill level 1 in Armour
 10210 | D:8      | Reached skill level 1 in Conjurations
 10324 | D:8      | Reached * piety under Vehumet
 10324 | D:8      | Offered knowledge of Magic Dart by Vehumet.
 11104 | D:8      | Offered knowledge of Static Discharge by Vehumet.
 11302 | D:9      | Reached ** piety under Vehumet
 11433 | D:9      | Found a snail-covered altar of Cheibriados.
 11774 | D:9      | Learned a level 4 spell: Iskenderun's Mystic Blast
 11977 | D:9      | Noticed Erolcha
 11996 | D:9      | Killed Erolcha
 11997 | D:9      | Reached skill level 5 in Conjurations
 11997 | D:9      | Reached skill level 1 in Translocations
 11997 | D:9      | Reached XP level 11. HP: 42/71 MP: 10/24
 12080 | D:9      | Found a glowing golden altar of the Shining One.
 12206 | D:9      | Offered knowledge of Frozen Ramparts by Vehumet.
 12563 | D:9      | Reached *** piety under Vehumet
 12743 | D:10     | Entered Level 10 of the Dungeon
 12781 | D:10     | Noticed a two-headed ogre
 12783 | D:10     | Found a staircase to the Lair.
 12787 | D:10     | Killed a two-headed ogre
 12788 | D:10     | Reached skill level 10 in Fighting
 13179 | D:10     | Noticed Maurice
 13184 | D:10     | Killed Maurice
 13660 | D:10     | Found an ancient bone altar of Kikubaaqudgha.
 13904 | D:10     | Found a staircase to the Orcish Mines.
 14016 | D:11     | Noticed a two-headed ogre
 14021 | D:11     | Noticed a two-headed ogre
 14022 | D:11     | Killed a two-headed ogre
 14023 | D:11     | Reached skill level 10 in Spellcasting
 14106 | D:11     | Killed a two-headed ogre
 14106 | D:11     | Offered knowledge of Ignite Poison by Vehumet.
 14172 | D:11     | Identified the +10 great mace of Magnificence {vorpal,
                  | *Corrode Will++}
 14222 | D:11     | Found a radiant altar of Vehumet.
 14365 | D:11     | Reached skill level 1 in Fire Magic
 14390 | D:11     | Acquired a staff of earth
 14396 | D:11     | Found a transporter.
 14401 | D:11     | Found a transporter.
 14412 | D:11     | Noticed firemarshallily's ghost (journeyman DjWn)
 14415 | D:11     | Reached skill level 5 in Translocations
 14415 | D:11     | Reached XP level 12. HP: 77/77 MP: 11/26
 14576 | D:11     | Noticed Josephine
 14587 | D:11     | Killed Josephine
 14588 | D:11     | Reached skill level 1 in Evocations
 14952 | D:11     | Noticed a death knight
 15550 | Lair:1   | Entered Level 1 of the Lair of Beasts
 15580 | Lair:1   | Noticed a four-headed hydra
 15697 | Lair:1   | Killed a four-headed hydra
 15904 | D:10     | Reached skill level 11 in Earth Magic
 16046 | D:10     | Learned a level 8 spell: Ignition
 16165 | Lair:1   | Reached **** piety under Vehumet
 16289 | Lair:1   | Reached skill level 5 in Fire Magic
 16522 | Lair:1   | Offered knowledge of Freezing Cloud by Vehumet.
 16609 | Lair:1   | Reached skill level 12 in Earth Magic
 16625 | Lair:1   | Noticed a seven-headed hydra
 16673 | Lair:1   | Killed a seven-headed hydra
 17281 | Lair:2   | Found a hole to the Spider Nest.
 17333 | Lair:2   | Reached XP level 13. HP: 82/82 MP: 9/27
 17544 | Lair:2   | Noticed Fannar
 17551 | Lair:2   | Killed Fannar
 17552 | Lair:2   | Reached skill level 13 in Earth Magic
 18078 | Lair:2   | Identified the +2 chain mail of Defiance {rF+ Will++ Int+2
                  | Stlth-}
 18619 | Lair:2   | Reached skill level 14 in Earth Magic
 19257 | Lair:2   | Found a blossoming altar of Fedhas.
 19436 | Lair:2   | Identified the +1 chain mail of Jorodilio {rF+ Dex+3}
 19632 | Lair:3   | Reached ***** piety under Vehumet
 19646 | Lair:2   | Reached skill level 5 in Armour
 19743 | Lair:2   | Offered knowledge of Fireball by Vehumet.
 20363 | Lair:3   | Found a transporter.
 20371 | Lair:3   | Reached skill level 10 in Fire Magic
 20493 | Lair:3   | Found a transporter.
 20900 | Lair:3   | Found a staircase to the Shoals.
 21200 | Lair:3   | Gained mutation: Your large and strong wings let you fly.
                  | [Gargoyle growth]
 21200 | Lair:3   | Reached XP level 14. HP: 27/88 MP: 2/28
 22250 | Lair:2   | Learned a level 5 spell: Fireball
 23766 | Lair:5   | Found a viscous altar of Jiyva.
 23767 | Lair:5   | Found a staircase to the Slime Pits.
 24679 | Lair:6   | Entered Level 6 of the Lair of Beasts
 25270 | Lair:5   | Reached skill level 1 in Staves
 26321 | Lair:6   | Got Ziass's Handbook of Translocation
 27799 | Lair:6   | Reached XP level 15. HP: 59/95 MP: 12/29
 28038 | Lair:6   | Found a runed translucent door.
 28389 | Lair:6   | HP: 4/95 [torpor snail (15)]
 28405 | Lair:6   | Slain by a torpor snail

Illustrated notes

Levels and vault maps discovered:
D:1:      wheals_arrival_shading, layout_loops_ring
D:2:      layout_basic, ebering_ecumenical_altar_rust
D:3:      layout_loops_ring, minmay_shallow_snake_nest, uniq_terence,
          uniq_robin, uniq_jessica, uniq_natasha
D:4:      layout_gridville, mainiacjoe_overflow_concentric_impassable
D:5:      layout_basic, nicolae_qazlal_style_of_elements
D:6:      layout_loops_corners, nicolae_dithmenos_through_a_glass_darkly,
          minmay_ruined_shrine
D:7:      layout_loops_cross, gammafunk_temple_overflow_statue,
          mainiacjoe_overflow_boulevard, minmay_temple_entry_glassed_door,
          serial_shops, kennysheep_mini_moat, enter_bailey_2,
          minmay_manual_moon, uniq_joseph
D:8:      layout_basic
D:9:      layout_loops_corners, lemuel_coloured_pillars_altar,
          amcnicky_altar_gilded, uniq_erolcha
D:10:     layout_cave_pods, mainiacjoe_overflow_surrounded_room,
          lair_entry_dummy, erik_orc_1, uniq_maurice
D:11:     layout_basic, gammafunk_ghost_hive, vehumet_crystals, uniq_josephine
Temple:   cyrus_circular_temple
Lair:1:   layout_big_grid
Lair:2:   layout_misc_corridors, nicolae_spider_entry_tight_spaces,
          hangedman_tree_tricks, uniq_fannar
Lair:3:   gammafunk_cloud_chamber, layout_hall_layers, elwin_shoals_entry_rooms,
          grunt_megastairs_1
Lair:4:   layout_gridlike, wad_woods_road_02
Lair:5:   layout_regular_city, dpeg_slime_entry_enclosed_altar,
          infiniplex_staircase_pool
Lair:6:   hangedman_lair_tendril_chambers, layout_long_grid, wormcave

Skill      XL: |  1  2  3  4  5  6  7  8  9 10 11 12 13 14 15 |
---------------+----------------------------------------------+-----
Transmutations | 1 |  1.0
Fighting       | 1 2 3 4 6 8 9 10 11 | 11.4
Dodging        | 2 |  2.0
Earth Magic    | 4 5 6 7 9 10 12 14 | 14.0
Spellcasting   | 3 4 5 7 9 10 11 | 11.0
Shields        | 1 3 4 |  4.0
Armour         | 2 7 8 |  8.9
Conjurations   | 5 7 8 9 |  9.7
Translocations | 1 5 |  5.0
Fire Magic     | 1 7 10 11 | 11.4
Evocations     | 1 |  1.0
Staves         | 2 3 |  3.1
Stealth        | |  2.1

Action                   |  1- 3 |  4- 6 |  7- 9 | 10-12 | 13-15 || total
-------------------------+-------+-------+-------+-------+-------++-------
Melee: Unarmed           |     7 |       |       |       |       ||     7
       Whip              |    56 |       |       |       |       ||    56
       Short sword       |     9 |   173 |   102 |   314 |       ||   598
       Punch             |       |     1 |       |     1 |       ||     2
       Great mace        |       |       |       |     5 |       ||     5
       Staff             |       |       |       |    25 |   107 ||   132
 Cast: Sandblast         |    28 |    21 |    25 |     7 |    21 ||   102
       Stone Arrow       |       |       |    79 |   246 |   432 ||   757
       Iskenderun's Myst |       |       |       |    18 |    35 ||    53
       Fireball          |       |       |       |       |     5 ||     5
Evoke: Wand              |       |       |       |     4 |     5 ||     9
  Use: Scroll            |       |       |    12 |     7 |     7 ||    26
       Potion            |       |       |       |     1 |     7 ||     8
 Stab: Distracted        |     1 |       |       |       |       ||     1
       Sleeping          |       |     4 |     2 |       |       ||     6
Armor: Robe              |    33 |    76 |    60 |       |       ||   169
       Troll leather arm |       |       |       |   272 |     8 ||   280
       Chain mail        |       |       |       |       |   456 ||   456
Dodge: Dodged            |    70 |   117 |   108 |   374 |   281 ||   950
Block: Buckler           |       |    20 |    30 |    48 |    90 ||   188
